 Dungeon Crawl Stone Soup version 0.29.1-2-gbd0b4ee654 (webtiles) character file.

Game seed: 9678854973432955031

61 BuzzyBeetle the Caller (level 4, -1/30 HPs)
             Began as a Merfolk Summoner on Nov 5, 2022.
             Slain by a gnoll
             ... wielding a +0 flail
              (8 damage)
             ... on level 2 of the Dungeon.
             The game lasted 00:04:51 (2135 turns).

BuzzyBeetle the Caller (Merfolk Summoner)           Turns: 2135, Time: 00:04:51

Health: -1/30      AC:  2    Str:  8    XL:     4   Next: 7%
Magic:  6/8        EV: 13    Int: 16    God:
Gold:   103        SH:  0    Dex: 14    Spells: 2/8 levels left

rFire   . . .      SeeInvis .   e - +0 dagger
rCold   . . .      Faith    .   (no shield)
rNeg    . . .      Spirit   .   a - +0 robe
rPois   .          Reflect  .   (no helmet)
rElec   .          Harm     .   (no cloak)
rCorr   .          Rampage  .   (no gloves)
Will    +....                   (no boots)
Stlth   ++........              (no amulet)
HPRegen 0.10/turn               d - ring of willpower
MPRegen 0.11/turn               (no ring)

@: no status effects
A: (nimble swimmer 2), mertail
a: no special abilities


You were on level 2 of the Dungeon.
You visited 1 branch of the dungeon, and saw 2 of its levels.

You collected 103 gold pieces.

Inventory:

Hand Weapons
 e - a +0 dagger (weapon)
Armour
 a - a +0 robe (worn)
Jewellery
 d - a ring of willpower (left hand)
 n - an amulet of guardian spirit
Scrolls
 c - a scroll of identify
 g - a scroll of enchant weapon
 h - a scroll of poison
 k - a scroll of magic mapping {unknown}
 l - a scroll of blinking {unknown}
 m - a scroll of enchant armour {unknown}
 o - a scroll of noise {unknown}
Potions
 b - a potion of magic
 f - a potion of curing
 i - a potion of lignification {unknown}
 j - a potion of heal wounds {unknown}


   Skills:
 + Level 0.8 Short Blades
 + Level 3.4 Dodging
 + Level 2.3 Stealth
 + Level 2.9 Spellcasting
 + Level 4.4 Summonings


You had 2 spell levels left.
You knew the following spells:

 Your Spells              Type           Power      Damage    Failure   Level
a - Summon Small Mammal   Summ           64%        N/A       3%          1
b - Call Imp              Summ           16%        N/A       4%          2
c - Call Canine Familiar  Summ           16%        N/A       9%          3

Your spell library contained the following spells:

 Spells                   Type           Power      Damage    Failure   Level
 Summon Guardian Golem    Hex/Summ       9%         N/A       22%         3
 Summon Lightning Spire   Summ/Air       9%         N/A       58%         4


Dungeon Overview and Level Annotations

Branches:
Dungeon (2/15)

Altars:


Innate Abilities, Weirdness & Mutations

((You are very nimble when in or above water. (Stealth+, EV+, Speed+++)))
Your lower body shifts to a powerful aquatic tail in water.


Message History

You barely miss the endoplasm.
The endoplasm is heavily wounded.
The endoplasm hits you.
Your shadow imp barely misses the endoplasm.
Your rat bites the endoplasm.
You completely miss the endoplasm.
The endoplasm is severely wounded.
Your shadow imp hits the endoplasm.
The endoplasm dies!
Things that are here:
a +0 club; a giant cockroach corpse A gnoll comes into view.
It is wielding a +0 flail.
Found 5 gold pieces and a sedimented golden potion.
The gnoll shouts!
Things that are here:
a +0 dagger; a goblin corpse
Things that are here:
a +0 club; a giant cockroach corpse
o - a scroll labelled KUCZYZ LETI Your rat bites the gnoll.
The gnoll hits your rat with a +0 flail!
Your rat dies!
Your rat's corpse disappears in a puff of smoke!
The gnoll barely misses your shadow imp.
Your shadow imp barely misses the gnoll.
You swap places.
A gnoll comes into view. It is wielding a +0 whip.
The gnoll barely misses you.
The gnoll moves out of view.
You barely miss the gnoll.
The gnoll is lightly wounded.
The gnoll hits you with a +0 flail!
Your shadow imp hits the gnoll.
You hit the gnoll.
The gnoll is moderately wounded.
The gnoll hits you with a +0 flail.
* * * LOW HITPOINT WARNING * * *
Your shadow imp hits the gnoll.
You hit the gnoll but do no damage.
The gnoll is heavily wounded.
The gnoll hits you with a +0 flail!
You die...

!.. ...# +.....+..# ...
##.####.....####
##.######....###.#### .
..................#
...#.......#.......##
#......#).....#........
#..)g.#.....#.......
#....#g...#....#......
...#...#@5.#...#...#####
. ..#..#..#..#..#...# #.
.#.#.#.#.#.#.#.## #
##.###.##.##.##.# $
#.###. ## # # ### ##


You could see 2 gnolls and a friendly shadow imp (summoned).

Vanquished Creatures
  A worm (D:2)
  A dart slug (D:1)
  2 bats (D:1)
  A goblin (D:2)
  A quokka (D:1)
  A rat (D:1)
7 creatures vanquished.

Vanquished Creatures (collateral kills)
  A gnoll (D:2)
  3 dart slugs
  A ball python (D:1)
  6 bats
  5 endoplasms
  A giant cockroach (D:2)
  2 goblins (D:2)
  A hobgoblin (D:1)
  A quokka (D:1)
  6 kobolds
  5 rats
32 creatures vanquished.

Grand Total: 39 creatures vanquished

Notes
Turn   | Place    | Note
-------+----------+-------------------------------------------
     0 | D:1      | BuzzyBeetle the Merfolk Summoner began the quest for the
                  | Orb.
     0 | D:1      | Reached XP level 1. HP: 13/13 MP: 3/3
   271 | D:1      | Reached XP level 2. HP: 17/19 MP: 3/5
   324 | D:1      | Found a faded altar of an unknown god.
  1117 | D:1      | Reached XP level 3. HP: 20/24 MP: 3/6
  1829 | D:2      | Learned a level 2 spell: Call Imp
  1833 | D:2      | Learned a level 3 spell: Call Canine Familiar
  2106 | D:2      | Reached XP level 4. HP: 25/30 MP: 3/8
  2135 | D:2      | Slain by a gnoll

Illustrated notes

Levels and vault maps discovered:
D:1:      dpeg_arrival_houses_and_road, layout_basic, basic_ecumenical_altar
D:2:      minmay_inner_zag, layout_basic, minmay_increasing_density

Skill      XL: |  1 |
---------------+----+-----
Dodging        | 3 |  3.4
Short Blades   | |  0.8
Stealth        | |  2.3
Spellcasting   | |  2.9
Summonings     | |  4.4

Action                   |  1- 3 |  4- 6 || total
-------------------------+-------+-------++-------
Melee: Unarmed           |    15 |       ||    15
       Dagger            |    32 |     6 ||    38
 Cast: Summon Small Mamm |    50 |     1 ||    51
       Call Imp          |     3 |       ||     3
  Use: Scroll            |     3 |       ||     3
 Stab: Distracted        |     1 |       ||     1
Armor: Robe              |    19 |       ||    19
Dodge: Dodged            |    49 |     2 ||    51
